 Dungeon Sprint DCSS version 0.20.0-15-g7f486f2 (webtiles) character file.

1155 Azzok the Covert (level 8, -21/36 HPs)
             Began as a Spriggan Enchanter on June 13, 2017.
             Was an Initiate of Dithmenos.
             Killed by an exploding ballistomycete spore (35 damage)
             ... in the Dungeon (Sprint I: "Red Sonja").
             The game lasted 00:01:55 (777 turns).

Azzok the Covert (Spriggan Enchanter)                Turns: 777, Time: 00:01:56

Health: -21/36     AC:  2    Str:  6    XL:     8   Next: 16%
Magic:  24/24      EV: 18    Int: 17    God:    Dithmenos [......]
Gold:   417        SH:  0    Dex: 16    Spells: 26/29 levels left

rFire    . . .     SeeInvis +   a - +1 dagger
rCold    . . .     Gourm    .   (shield restricted)
rNeg     . . .     Faith    .   b - +0 robe
rPois    .         Spirit   .   (helmet restricted)
rElec    .         Reflect  .   (no cloak)
rCorr    .         Harm     .   (gloves unavailable)
MR       +....     NoTele   +   (boots unavailable)
Stlth    ++........             (no amulet)
Regen    0.2/turn               (no ring)
MPRegen  0.2/turn               (no ring)

@: confused, very quick
A: unfitting armour, see invisible, herbivore 3, speed 3, slow metabolism 2
a: Renounce Religion


You were in the Dungeon.
You worshipped Dithmenos.
Dithmenos was noncommittal.
You were not hungry.

You visited 1 branch You collected 417 gold pieces.

Inventory:

Hand Weapons
 a - a +1 dagger (weapon)
Armour
 b - a +0 robe (worn)
Wands
 i - a wand of polymorph (13/24)
Scrolls
 j - a scroll of blinking
Potions
 e - 2 potions of curing
 f - a potion of heal wounds
 g - a potion of haste
 h - 2 potions of magic
Books
 c - a book of Maledictions

   Spells                             Type                      Level
   a - Corona                         Hexes                        1
   b - Ensorcelled Hibernation        Hexes/Ice                    2
   c - Confuse                        Hexes                        3
   d - Tukima's Dance                 Hexes                        3
   e - Dazzling Spray                 Conjuration/Hexes            3
Comestibles
 d - a bread ration
 k - a royal jelly


   Skills:
 + Level 9.9 Short Blades
 - Level 3.0 Dodging
 + Level 14.0 Stealth
 + Level 11.0 Spellcasting
 + Level 11.3 Hexes


You had 26 spell levels left.
You knew the following spells:

 Your Spells              Type           Power        Failure   Level  Hunger
a - Corona                Hex            #####..      1%          1    None
b - Ensorcelled Hibernat  Hex/Ice        ####..       1%          2    None


Dungeon Overview and Level Annotations

Branches:
Dungeon (1/1)

Altars:
Cheibriados
Dithmenos
Elyvilon
Fedhas
Gozag
Hepliaklqana
Kikubaaqudgha
Makhleb
Nemelex Xobeh
Okawaru
Qazlal
Ru
Sif Muna
Trog
Uskayaw
Vehumet
Xom
Yredelemnul
Zin
The Shining One
Jiyva
Lugonu

Shops:
D %


Innate Abilities, Weirdness & Mutations

You are very small and have problems with some larger weapons.
You are too small for most types of armour.
You have supernaturally acute eyesight. (SInv)
You are a herbivore.
You cover ground extremely quickly.
You need consume almost no food.


Message History

an uncursed short sword of distortion; an uncursed blowgun 6 curare-tipped needles You open the door. 2 ballistomycete spores come into view.
Found five items.
Unknown command.
Found 54 gold pieces.
There is an open door here.
The helpless ballistomycete spore fails to defend itself.
You stick the ballistomycete spore like a pincushion!!!!
The ballistomycete spore explodes!
The explosion of spores engulfs you!
You are confused.
Ouch! That really hurt!
The explosion of spores engulfs the ballistomycete spore.
The ballistomycete spore explodes!
The explosion of spores engulfs you!
You are more confused.
Ouch! That really hurt!
You die...

▒··▒_____▒▒'▒··'§§§··
▒⌠⌠▒_·∩···'···_▒≈≈§§
▒▒▒▒_··__▒▒_·▒'▒▒╬▒▒
▒_____▒▒▒'▒)▒
▒▒▒▒▒▒▒▒▒·▒▒▒ ╬···╬
▒·)·▒ ▒▒·▒▒ ▒@▒
▒$!$!$▒ ▒$(??$▒
▒▒▒▒▒▒▒


There were no monsters in sight!

Vanquished Creatures
  Sonja (D)
  A slime creature (D)
  Sigmund (D)
  A yak (D)
  An ogre (D)
  A jelly (D)
  Ijyb (D)
7 creatures vanquished.

Notes
Turn   | Place    | Note
-------+----------+-------------------------------------------
     0 | D        | Azzok the Spriggan Enchanter began the quest for the Orb.
     0 | D        | Reached XP level 1. HP: 9/9 MP: 5/5
     1 | D        | Noticed Ijyb
    11 | D        | Killed Ijyb
    11 | D        | Reached skill level 6 in Stealth
    11 | D        | Reached skill level 5 in Hexes
    11 | D        | Reached XP level 2. HP: 4/13 MP: 5/8
   236 | D        | Learned a level 2 spell: Ensorcelled Hibernation
   236 | D        | Noticed an ogre
   296 | D        | Killed an ogre
   296 | D        | Reached skill level 8 in Stealth
   296 | D        | Reached XP level 3. HP: 13/16 MP: 3/11
   296 | D        | Reached XP level 4. HP: 18/21 MP: 3/13
   377 | D        | Noticed Sigmund
   380 | D        | Killed Sigmund
   380 | D        | Reached skill level 10 in Stealth
   380 | D        | Reached XP level 5. HP: 24/24 MP: 14/16
   394 | D        | Found a deep blue altar of Sif Muna.
   396 | D        | Found a radiant altar of Vehumet.
   400 | D        | Reached XP level 6. HP: 28/28 MP: 18/18
   410 | D        | Found Qelor's Food Emporium.
   410 | D        | Found an ancient bone altar of Kikubaaqudgha.
   410 | D        | Found a hazy altar of Hepliaklqana.
   410 | D        | Found a stormy altar of Qazlal.
   410 | D        | Found a hide-covered altar of Uskayaw.
   410 | D        | Found a blossoming altar of Fedhas.
   410 | D        | Found a bloodstained altar of Trog.
   410 | D        | Found an iron altar of Okawaru.
   410 | D        | Found a basalt altar of Yredelemnul.
   410 | D        | Found a glowing golden altar of the Shining One.
   410 | D        | Found a snail-covered altar of Cheibriados.
   410 | D        | Found a sacrificial altar of Ru.
   410 | D        | Found a glowing silver altar of Zin.
   410 | D        | Found a shadowy altar of Dithmenos.
   410 | D        | Found a white marble altar of Elyvilon.
   410 | D        | Noticed a yak
   411 | D        | Found an opulent altar of Gozag.
   420 | D        | Killed a yak
   420 | D        | Reached skill level 11 in Stealth
   564 | D        | Found a sparkling altar of Nemelex Xobeh.
   571 | D        | Became a worshipper of Dithmenos the Shadowed
   586 | D        | Found a burning altar of Makhleb.
   586 | D        | Found a viscous altar of Jiyva.
   586 | D        | Found a shimmering altar of Xom.
   586 | D        | Found a corrupted altar of Lugonu.
   586 | D        | Noticed a slime creature
   598 | D        | Killed a slime creature
   598 | D        | Reached skill level 12 in Stealth
   598 | D        | Reached skill level 10 in Hexes
   598 | D        | Reached XP level 7. HP: 17/32 MP: 2/21
   749 | D        | Noticed a centaur warrior
   757 | D        | Noticed Sonja
   761 | D        | Killed Sonja
   761 | D        | Reached skill level 14 in Stealth
   761 | D        | Reached XP level 8. HP: 36/36 MP: 22/24
   777 | D        | Killed by an exploding ballistomycete spore

Skill      XL: |  1  2  3  4  5  6  7 |
---------------+----------------------+-----
Short Blades   | 3 4 6 8 9 |  9.9
Stealth        | 6 8 10 12 14 | 14.0
Spellcasting   | 4 6 7 8 9 11 | 11.0
Hexes          | 5 6 8 10 11 | 11.3
Dodging        | |  3.0

Action                   |  1- 3 |  4- 6 |  7- 9 || total
-------------------------+-------+-------+-------++-------
Melee: Dagger            |     7 |     5 |     2 ||    14
 Cast: Corona            |     1 |       |       ||     1
       Ensorcelled Hiber |     5 |    14 |       ||    19
  Use: Potion            |     1 |       |       ||     1
 Stab: Sleeping          |     1 |     4 |     2 ||     7
Armor: Robe              |     1 |       |       ||     1
Dodge: Dodged            |     5 |     9 |       ||    14
